AoeStats
← FiestaParty

Arena

510036782Analyzed
2v2 RM · 4d ago on Sep 29, 2026· 29m 28s· 4 players
Game mode
Random Map
Map size
Medium (4 player)
Population
200
Speed
Normal
Resources
Standard
Victory
Conquest
Starting age
Dark Age
Ending age
Imperial Age
RankedLock teamsTeams togetherTeam positionsShared explorationLock speedFull tech treeHidden civsTurbo modeCheats
Victory
Defeat
🇨🇳 Teutons · China
1054
+14
🇨🇳 Koreans · China
1051
+14
🇺🇸 Ethiopians · United States
1000
-43
🇺🇸 Franks · United States
1000
-43
FiestaParty
12:01 Feudal Age
13:16 Double-Bit Axe
16:06 Castle Age
16:11 Gold Mining
17:47 Wheelbarrow
17:59 Crossbowman
20:33 Bow Saw
22:31 Thumb Ring
25:24 Elite Skirmisher
26:02 Fletching
26:21 Padded Archer Armor
29:35 Bodkin Arrow
billyd343
12:14 Feudal Age
14:36 Double-Bit Axe
19:09 Castle Age
20:04 Wheelbarrow
27:16 Loom
ming
10:14 Feudal Age
14:58 Castle Age
13:57 Stone Mining
13:57 Double-Bit Axe
15:37 Loom
16:09 Horse Collar
20:18 Gold Mining
32:30 Imperial Age
我才是最强白龙
10:20 Feudal Age
14:39 Castle Age
12:56 Horse Collar
15:03 Double-Bit Axe
18:56 Loom
20:30 Heavy Plow
22:39 Wheelbarrow
24:16 Bow Saw
29:26 Imperial Age
27:26 Fletching
27:57 Hand Cart
28:39 Bodkin Arrow
28:46 Stone Mining
28:48 Gold Mining
Connection lost

Rejoining the realm…

Still unreachable

The connection could not be restored.

Session expired

The server has moved on; the page needs a fresh start.